 Dungeon Crawl Stone Soup version 0.18.1-1-g2f07953 (webtiles) character file.

100 Qni the Skirmisher (level 4, -2/29 HPs)
             Began as a Gargoyle Chaos Knight on May 7, 2016.
             Slain by a water moccasin (4 damage)
             ... on level 4 of the Dungeon.
             The game lasted 00:25:30 (2161 turns).

Qni the Skirmisher (Gargoyle Chaos Knight)          Turns: 2161, Time: 00:25:31

Health: -2/29      AC: 11    Str: 19    XL:     4   Next: 74%
Magic:  4/4        EV: 13    Int: 13    God:    Xom [.....*]
Gold:   113        SH:  0    Dex:  9    Spells: 0 memorised, 3 levels left

rFire  . . .     SeeInvis .     a - +0 falchion (chaos)
rCold  . . .     Gourm    .     e - +0 ring mail
rNeg   + . .     Faith    .     (no shield)
rPois  ∞         Spirit   .     (no helmet)
rElec  +         Dismiss  .     n - +0 cloak
rCorr  .         Reflect  .     (no gloves)
SustAt .         Harm     .     s - +0 pair of boots
MR     .....                    (no amulet)
Stlth  ..........               o - +3 ring of strength
                                i - +2 ring of evasion

@: very slightly contaminated, hasted, very quick, not resistant to hostile
enchantments, extremely unstealthy
A: negative energy resistance 1, electricity resistance, unbreathing,
petrification resistance, rot immunity, AC +3
a: Renounce Religion


You were on level 4 of the Dungeon.
You worshipped Xom.
You were Xom's teddy bear.
You were not hungry.

You visited 1 branch of the dungeon, and saw 5 of its levels.

You collected 113 gold pieces.

Inventory:

Hand Weapons
 a - a +0 falchion of chaos (weapon)
 l - a cursed +0 spear
Missiles
 g - 103 stones (quivered)
Armour
 b - a +2 leather armour
 e - a +0 ring mail (worn)
 n - a +0 cloak (worn)
 s - a +0 pair of boots (worn)
Jewellery
 i - a +2 ring of evasion (left hand)
 o - a +3 ring of strength (right hand)
Wands
 x - a wand of lightning (12/15)
Scrolls
 d - a scroll of magic mapping {unknown}
 j - 2 scrolls of remove curse
 p - a scroll of random uselessness {unknown}
 u - a scroll of blinking {unknown}
 y - a scroll of teleportation {unknown}
Potions
 h - a potion of invisibility {unknown}
 k - a potion of resistance
 t - a potion of brilliance {unknown}
 z - a potion of flight {unknown}
Comestibles
 c - 4 bread rations
 f - a meat ration
 r - a royal jelly
 w - 9 chunks of flesh


   Skills:
 + Level 4.2 Fighting
 + Level 3.3 Long Blades
 + Level 0.1 Throwing
 + Level 2.8 Armour
 + Level 1.9 Dodging


You had 3 spell levels left.
You didn't know any spells.

Dungeon Overview and Level Annotations

Branches:
Dungeon (5/15)
 Temple: D:4-7

Altars:
Dithmenos
Fedhas
Kikubaaqudgha
Trog
Yredelemnul
Zin

Shops:
D:4 (

Annotations:
D:4 Tarnath's ghost, amateur GrGl


Innate Abilities, Weirdness & Mutations

You are resistant to torment.
Your stone body is resilient (AC +3).
You are immune to poison.
You resist negative energy.
You are resistant to electric shocks.
You can survive without breathing.
You are immune to petrification.
You are immune to rotting.


Message History

As you read the scroll labeled BIJIKOF SETI, it crumbles to dust.
It is a scroll of recharging.
Charge which item? (? for menu, Esc to quit)
Choose an item to recharge, or Esc to abort.
Charge which item? (? for menu, Esc to quit)
Your wand of lightning glows for a moment.
The water moccasin barely misses you. x2
It was a potion of haste.
You feel yourself speed up.
Xom thinks this is hilarious!
The water moccasin barely misses you. The water moccasin bites you.
You miss the water moccasin.
The water moccasin is lightly wounded.
The water moccasin bites you but does no damage.
The water moccasin bites you!
* * * LOW HITPOINT WARNING * * *
As you read the scroll labeled TOCUIME FYTE, it crumbles to dust.
You assume a fearsome visage.
It was a scroll of fear.
The water moccasin bites you.
You die...
Xom snickers!

#.≈.# ###....#
#...#########...####
#.≈.##........###
#...##........##
#.≈.##(........#
##...##........##
#≈.≈.≈.........#
#.≈.≈.........S#
#...######...@##
#..........####
#####...........#
#.....#######
#.....# #######


You could see a water moccasin (berserk).

Vanquished Creatures
  2 adders (D:3)
  2 oozes
  2 worms
  2 dart slugs (D:1)
  A giant gecko (D:2)
  4 orcs
  3 giant cockroaches
  7 goblins
  7 hobgoblins
  3 jackals (D:1)
  A ball python (D:1)
  4 bats
  8 giant newts
  7 kobolds
  7 rats
60 creatures vanquished.

Notes
Turn   | Place    | Note
--------------------------------------------------------------
     0 | D:1      | Qni the Gargoyle Chaos Knight began the quest for the Orb.
     0 | D:1      | Reached XP level 1. HP: 14/14 MP: 1/1
   120 | D:1      | Reached XP level 2. HP: 19/19 MP: 2/2
   192 | D:1      | XOM: potion effect (might)
   194 | D:1      | XOM: potion effect (berserk rage)
   245 | D:1      | Reached skill level 1 in Dodging
   451 | D:1      | Reached XP level 3. HP: 24/24 MP: 3/3
   477 | D:1      | Reached skill level 4 in Fighting
   865 | D:2      | Found a bloodstained altar of Trog.
   866 | D:2      | Found a shadowy altar of Dithmenos.
   867 | D:2      | Found a basalt altar of Yredelemnul.
   867 | D:2      | Found an ancient bone altar of Kikubaaqudgha.
   939 | D:2      | XOM: harmless Divn miscast
   940 | D:2      | XOM: noise
  1122 | D:2      | XOM: cast spell 'Summon Butterflies'
  1364 | D:2      | Found a blossoming altar of Fedhas.
  1375 | D:2      | Reached XP level 4. HP: 27/29 MP: 4/4
  1437 | D:3      | XOM: divination: detect creatures
  1542 | D:3      | Found a glowing silver altar of Zin.
  1584 | D:3      | XOM: smoke on damage
  1819 | D:3      | XOM: harmless Fire miscast
  1848 | D:3      | XOM: colour smoke trail
  2034 | D:4      | Noticed Tarnath's ghost (amateur GrGl)
  2069 | D:4      | Found Jaomoegi's Weapon Boutique.
  2070 | D:4      | Noticed a phantom
  2076 | D:3      | XOM: potion effect (haste)
  2135 | D:5      | Entered Level 5 of the Dungeon
  2138 | D:5      | Noticed a water moccasin
  2138 | D:5      | XOM: divination: detect creatures
  2161 | D:4      | Slain by a water moccasin

Skill      XL: |  1  2  3 |
---------------+----------+-----
Dodging        | 1 |  1.9
Long Blades    | 3 |  3.3
Fighting       | 4 |  4.2
Throwing       | |  0.1
Armour         | |  2.8

Action                   |  1- 3 |  4- 6 || total
-------------------------+-------+-------++-------
Melee: Falchion          |   138 |    63 ||   201
Throw: Stone             |     7 |    22 ||    29
  Use: Scroll            |       |     4 ||     4
       Potion            |       |     2 ||     2
  Eat: Chunk             |     2 |     3 ||     5
Armor: Leather armour    |    15 |       ||    15
       Ring mail         |    38 |    24 ||    62
Dodge: Dodged            |    96 |    41 ||   137
